 Dungeon Sprint DCSS version 0.30-a0-279-g4b46babb21 (webtiles) character file.

Game seed: 176898740766400789

28756 rocky1 the Black Belt (level 12, 0/92 HPs)
             Began as an Octopode Transmuter on Oct 17, 2022.
             Was the Champion of Sif Muna.
             Killed by divine providence
             ... invoked by an orc priest
              (15 damage)
             ... in the Dungeon (Sprint III: "The Ten Rune Challenge").
             The game lasted 00:27:21 (5685 turns).

rocky1 the Black Belt (Octopode Transmuter)         Turns: 5685, Time: 00:27:21

Health: 0/92       AC:  1    Str:  9    XL:     12   Next: 30%
Magic:  16/23      EV: 19    Int: 19    God:    Sif Muna [******]
Gold:   12         SH:  0    Dex: 14    Spells: 6/25 levels left

rFire   . . .      SeeInvis .      - Unarmed
rCold   + . .      Faith    .    (shield currently unavailable)
rNeg    . . .      Spirit   .    (helmet restricted)
rPois   .          Reflect  .    (no amulet)
rElec   .          Harm     .    g - ring of flight
rCorr   .          Rampage  .    l - ring of protection from cold
Will    .....      NoTele   +    (no ring)
Stlth   ++++++....               (no ring)
HPRegen 0.35/turn                (no ring)
MPRegen 0.18/turn                (no ring)
                                 (no ring)
                                 (no ring)

@: blade tentacles, flying, very slightly contaminated
A: almost no armour, amphibious, 8 rings, camouflage 1, gelatinous body 1,
(nimble swimmer 1), tentacles
}: 1/10 runes: serpentine
a: End Transformation, Renounce Religion, Channel Magic, Forget Spell, Divine
Exegesis


You were in the Dungeon.
You worshipped Sif Muna.
Sif Muna was exalted by your worship.
You had blades for main tentacles.
You visited 1 branch You collected 67 gold pieces.
You spent 55 gold pieces at shops.

Inventory:

Jewellery
 g - a ring of flight (left blade tentacle)
 l - a ring of protection from cold (right blade tentacle)
Wands
 j - a wand of flame (5)
 m - a wand of quicksilver (6)
Scrolls
 b - 2 scrolls of immolation
 c - 4 scrolls of identify
 k - a scroll of blinking
 n - a scroll of enchant armour {unknown}
Potions
 a - a potion of lignification
 d - a potion of haste
 e - 2 potions of magic
 f - 3 potions of flight
 h - 6 potions of mutation
 i - a potion of might
 o - a potion of resistance {unknown}


   Skills:
 + Level 12.5 Fighting
 + Level 13.2 Dodging
 + Level 13.5 Stealth
 * Level 18.7 Unarmed Combat
 + Level 7.3 Spellcasting
 - Level 5.3 Conjurations
 + Level 8.6 Transmutations
 - Level 4.1 Ice Magic
 + Level 6.7 Earth Magic


You had 6 spell levels left.
You knew the following spells:

 Your Spells              Type           Power      Damage    Failure   Level
a - Beastly Appendage     Tmut           78%        N/A       10%         1
b - Spider Form           Tmut/Pois      23%        N/A       32%         3
c - Ice Form              Ice/Tmut       31%        N/A       38%         4
d - Sandblast             Erth           64%        2d14      13%         1
e - Stone Arrow           Conj/Erth      60%        3d10      24%         3
f - Wereblood             Tmut           39%        N/A       11%         2
g - Blade Hands           Tmut           19%        N/A       41%         5

Your spell library contained the following spells:

 Spells                   Type           Power      Damage    Failure   Level
 Passwall                 Tmut/Erth      30%        N/A       13%         2
 Magic Dart               Conj           100%       1d8       16%         1
 Freeze                   Ice            88%        1d9       21%         1
 Shock                    Conj/Air       68%        1d7       26%         1
 Hailstorm                Conj/Ice       25%        3d7       30%         3
 Necrotise                Necr           28%        1d5       45%         1
 Dazzling Flash           Conj/Hex       34%        N/A       45%         3
 Call Imp                 Summ           7%         N/A       54%         2
 Cigotuvi's Dreadful Rot  Necr/Pois/Air  14%        N/A       54%         2
 Poisonous Vapours        Pois/Air       14%        N/A       54%         2
 Mephitic Cloud           Conj/Pois/Air  13%        N/A       54%         3
 Irradiate                Conj/Tmut      16%        3d17      56%         5
 Lee's Rapid Deconstruct  Erth           16%        3d11*     58%         5
 Leda's Liquefaction      Hex/Erth       9%         N/A       67%         4
 Gell's Gravitas          Tloc           7%         N/A       71%         3
 Summon Guardian Golem    Hex/Summ       7%         N/A       71%         3
 Vampiric Draining        Necr           7%         2d6       71%         3
 Flame Wave               Conj/Fire      17%        2d7       75%         4
 Iskenderun's Mystic Bla  Conj/Tloc      17%        2d5       75%         4
 Statue Form              Tmut/Erth      24%        N/A       89%         6
 Arcjolt                  Conj/Air       8%         1d18      94%         5
 Olgreb's Toxic Radiance  Pois           7%         N/A       95%         4
 Passage of Golubria      Tloc           7%         N/A       95%         4
 Summon Lightning Spire   Summ/Air       7%         N/A       95%         4
 Agony                    Necr           7%         N/A       99%         5
 Starburst                Conj/Fire      8%         6d4       100%        6
 Orb of Destruction       Conj           13%        9d7       100%        7
 Ozocubu's Refrigeration  Ice            11%        4d9       100%        7
 Spellforged Servitor     Conj/Summ      8%         N/A       100%        7
 Discord                  Hex            3%         N/A       100%        8
 Ignition                 Fire           3%         3d4       100%        8


Dungeon Overview and Level Annotations

Branches:
Dungeon (1/1)

Altars:
Cheibriados
Dithmenos
Elyvilon
Fedhas
Gozag
Hepliaklqana
Kikubaaqudgha
Makhleb
Nemelex Xobeh
Okawaru
Qazlal
Ru
Sif Muna
Trog
Uskayaw
Vehumet
Wu Jian
Xom
Yredelemnul
Zin
The Shining One
Jiyva
Lugonu

Shops:
D :![:


Innate Abilities, Weirdness & Mutations

You have blades for main tentacles.
Your spellcasting is less reliable in this form.
You are incapable of wielding weapons or throwing items.
You cannot wear most types of armour.
You are amphibious.
You can wear up to eight rings at the same time.
Your skin changes colour to match your surroundings (Stealth+).
Your rubbery body absorbs attacks. (AC +1, EV +1)
((You are camouflaged when in or above water. (Stealth+)))
You have tentacles for arms and can constrict up to eight enemies at once.


Message History

You kill the orc!
Sif Muna accepts your kill. The orc misses you.
You hit the orc. Your grab misses the orc.
The orc is lightly wounded.
You barely miss the orc. You grab the orc.
The orc is lightly wounded.
You constrict the orc, but do no damage.
The orc misses you. The orc closely misses you.
You completely miss the orc. You grab the orc. You squeeze the orc.
The orc is moderately wounded.
You constrict the orc. x2; The orc misses you.
The orc barely misses you.
You shred the orc!!!
You kill the orc!
Sif Muna accepts your kill.
You constrict the orc.
The orc struggles to escape constriction.
You hit the orc.
You kill the orc!
Sif Muna accepts your kill.
You slash the orc! You grab the orc.
The orc is almost dead.
You constrict the orc.
You kill the orc!
Sif Muna accepts your kill.
You see here a book of Sloth.
Sif Muna grants you a gift!
You slice the orc!!
You kill the orc!
Sif Muna accepts your kill.
You slice the orc!!
You kill the orc!
Sif Muna accepts your kill.
Found 11 gold pieces.
Items here: $ ( )))))))) [[[[ ††††.
You completely miss the orc priest. You grab the orc priest.
You constrict the orc priest.
The orc priest calls down the wrath of Beogh upon you.
Beogh smites you!
You die...

▓▓▓ ##.################ #
#..#___#___#__##∩$##$##.
#..#...#__)#._#.........
#..###'#'###'##.$......#
#..#..........#)@o.....#
...'.⌠........#:#...#.#$
...#...######'#.#..##
...#.⌠.#__#...#'#################
...#...#__#...#....#.#.#.....#...
...#'###__#...##.#..#.##)###.#...
...#)).#__#...'##.#.#.##.#.)##...
...#___#__'...#.).#..#..##..'..^.
▓▓▓▓▓▓▓▓▓▓▓▓▓▓▓▓▓▓▓▓▓▓▓▓▓▓▓▓#..^.


You could see an orc priest.

Vanquished Creatures
  A nagaraja (D)
  2 hydras (D)
  Erolcha (D)
  5 anacondas (D)
  Urug (D)
  A naga warrior (D)
  A death drake (D)
  A lindwurm (D)
  A spriggan druid (D)
  A deep elf pyromancer (D)
  2 orc sorcerers (D)
  A guardian serpent (D)
  2 cane toads (D)
  A komodo dragon (D)
  3 wandering mushrooms (D)
  A queen bee (D)
  2 tyrant leeches (D)
  2 spriggans (D)
  A shadow (D)
  5 redbacks (D)
  A spatial vortex (D)
  2 nagas (D)
  2 water moccasins (D)
  A hydra simulacrum (D)
  5 two-headed ogres (D)
  A necrophage (D)
  A water elemental (D)
  A scorpion (D)
  32 killer bees (D)
  An electric eel (D)
  A jelly (D)
  4 orc priests (D)
  A wizard (D)
  A necromancer (D)
  2 wolf simulacra (D)
  A polar bear simulacrum (D)
  A kobold demonologist (D)
  3 humans (D)
  5 adders (D)
  10 orcs (D)
  4 rats (D)
115 creatures vanquished.

Vanquished Creatures (others)
  An orc (D)
1 creature vanquished.

Grand Total: 116 creatures vanquished

Notes
Turn   | Place    | Note
-------+----------+-------------------------------------------
     0 | D        | rocky1 the Octopode Transmuter began the quest for the Orb.
     0 | D        | Reached XP level 1. HP: 13/13 MP: 3/3
    64 | D        | Noticed a scorpion
    74 | D        | Killed a scorpion
    75 | D        | Reached skill level 1 in Stealth
    75 | D        | Reached skill level 6 in Unarmed Combat
    75 | D        | Reached XP level 2. HP: 17/18 MP: 4/6
    75 | D        | Reached XP level 3. HP: 22/23 MP: 4/7
    75 | D        | Reached XP level 4. HP: 27/28 MP: 5/9
   144 | D        | Learned a level 3 spell: Spider Form
   149 | D        | Learned a level 4 spell: Ice Form
   544 | D        | Noticed a water elemental
   551 | D        | Killed a water elemental
   552 | D        | Reached skill level 7 in Unarmed Combat
   552 | D        | Reached skill level 1 in Ice Magic
   552 | D        | Reached XP level 5. HP: 16/33 MP: 6/11
   772 | D        | Found a radiant altar of Vehumet.
   772 | D        | Found a shimmering blue altar of Sif Muna.
   772 | D        | Found an ancient bone altar of Kikubaaqudgha.
   775 | D        | Noticed a sixfirhy
   780 | D        | Reached skill level 8 in Unarmed Combat
   832 | D        | Learned a level 1 spell: Sandblast
   849 | D        | Became a worshipper of Sif Muna the Loreminder
   972 | D        | Learned a level 3 spell: Stone Arrow
   974 | D        | Found a glowing silver altar of Zin.
   974 | D        | Found a glowing golden altar of the Shining One.
   974 | D        | Found a white marble altar of Elyvilon.
   974 | D        | Noticed a deep elf pyromancer
   976 | D        | Noticed a fire elemental
  1010 | D        | Killed a deep elf pyromancer
  1011 | D        | Reached skill level 10 in Unarmed Combat
  1011 | D        | Reached XP level 6. HP: 28/44 MP: 5/15
  1011 | D        | Reached XP level 7. HP: 31/49 MP: 5/16
  1106 | D        | Found a hide-covered altar of Uskayaw.
  1106 | D        | Found an iron altar of Okawaru.
  1106 | D        | Found a bloodstained altar of Trog.
  1106 | D        | Found an ornate altar of the Wu Jian Council.
  1106 | D        | Noticed a human
  1106 | D        | Noticed a human
  1109 | D        | Killed a human
  1113 | D        | Killed a human
  1113 | D        | Reached * piety under Sif Muna
  1114 | D        | Reached skill level 5 in Fighting
  1114 | D        | Reached skill level 5 in Transmutations
  1114 | D        | Reached XP level 8. HP: 50/55 MP: 13/17
  1128 | D        | Found a basalt altar of Yredelemnul.
  1128 | D        | Found a shadowy altar of Dithmenos.
  1128 | D        | Found a sacrificial altar of Ru.
  1183 | D        | Noticed a shadow
  1185 | D        | Killed a shadow
  1185 | D        | Reached ** piety under Sif Muna
  1196 | D        | Found a blossoming altar of Fedhas.
  1196 | D        | Found a stormy altar of Qazlal.
  1196 | D        | Found a snail-covered altar of Cheibriados.
  1196 | D        | Found a burning altar of Makhleb.
  1196 | D        | Found a shimmering altar of Xom.
  1197 | D        | Found a hazy altar of Hepliaklqana.
  1197 | D        | Found an opulent altar of Gozag.
  1197 | D        | Found a sparkling altar of Nemelex Xobeh.
  1197 | D        | Found a corrupted altar of Lugonu.
  1197 | D        | Found a viscous altar of Jiyva.
  1205 | D        | Reached skill level 11 in Unarmed Combat
  1205 | D        | Reached skill level 5 in Conjurations
  1205 | D        | Reached skill level 5 in Earth Magic
  1232 | D        | Reached *** piety under Sif Muna
  1364 | D        | Learned a level 2 spell: Wereblood
  1373 | D        | Noticed a two-headed ogre
  1379 | D        | Killed a two-headed ogre
  1380 | D        | Reached XP level 9. HP: 30/63 MP: 16/19
  1613 | D        | Noticed a two-headed ogre
  1613 | D        | Noticed Erolcha
  1616 | D        | Killed Erolcha
  1617 | D        | Reached skill level 12 in Unarmed Combat
  1621 | D        | Killed a two-headed ogre
  1621 | D        | Reached **** piety under Sif Muna
  1622 | D        | Reached skill level 13 in Unarmed Combat
  1992 | D        | Reached ***** piety under Sif Muna
  2023 | D        | Received a gift from Sif Muna
  2024 | D        | Got Poess's Compilation of Alluring Concussion {god gift}
  2068 | D        | Reached skill level 14 in Unarmed Combat
  2161 | D        | Reached XP level 10. HP: 73/73 MP: 17/20
  2162 | D        | Received a gift from Sif Muna
  2203 | D        | Reached skill level 5 in Stealth
  2211 | D        | Received a gift from Sif Muna
  2212 | D        | Got Sif Muna's Compilation of Elliptic Combat Magic {god
                  | gift}
  2228 | D        | Reached skill level 10 in Dodging
  2377 | D        | Reached ****** piety under Sif Muna
  2397 | D        | Received a gift from Sif Muna
  2398 | D        | Got Sif Muna's Quarto of Meteoric Glaciation {god gift}
  2483 | D        | Reached skill level 15 in Unarmed Combat
  2608 | D        | Noticed a cane toad
  2608 | D        | Noticed a cane toad
  2613 | D        | Killed a cane toad
  2616 | D        | Killed a cane toad
  2623 | D        | Reached skill level 10 in Fighting
  2943 | D        | Received a gift from Sif Muna
  2955 | D        | Reached skill level 16 in Unarmed Combat
  3102 | D        | Noticed a lindwurm
  3108 | D        | Killed a lindwurm
  3109 | D        | Reached XP level 11. HP: 67/82 MP: 18/21
  3161 | D        | Noticed Urug
  3168 | D        | Killed Urug
  3169 | D        | Reached skill level 10 in Stealth
  3270 | D        | Noticed a five-headed hydra
  3270 | D        | Noticed an eight-headed hydra
  3342 | D        | Noticed a death drake
  3348 | D        | Killed a death drake
  3348 | D        | Received a gift from Sif Muna
  3610 | D        | Got Zues's Monograph on Intoxicating Forms {god gift}
  3619 | D        | Learned a level 5 spell: Blade Hands
  3637 | D        | Killed an eight-headed hydra
  3893 | D        | Killed a five-headed hydra
  3894 | D        | Reached skill level 17 in Unarmed Combat
  3934 | D        | Noticed an anaconda
  3934 | D        | Noticed an anaconda
  3934 | D        | Noticed an anaconda
  3947 | D        | Killed an anaconda
  3948 | D        | Noticed an anaconda
  3951 | D        | Killed an anaconda
  3960 | D        | Killed an anaconda
  4316 | D        | Found a blossoming altar of Fedhas.
  4316 | D        | Noticed a spriggan druid
  4324 | D        | Received a gift from Sif Muna
  4331 | D        | Killed a spriggan druid
  4581 | D        | Received a gift from Sif Muna
  4781 | D        | Reached skill level 18 in Unarmed Combat
  4786 | D        | Killed an anaconda
  4816 | D        | Noticed an anaconda
  4824 | D        | Killed an anaconda
  5053 | D        | Noticed a naga warrior
  5053 | D        | Noticed a nagaraja
  5074 | D        | Killed a nagaraja
  5074 | D        | Received a gift from Sif Muna
  5075 | D        | Reached XP level 12. HP: 60/91 MP: 17/22
  5326 | D        | Killed a naga warrior
  5332 | D        | Found Udom's Book Shop.
  5332 | D        | Found Futyola's Distillery.
  5334 | D        | Found Ubomud Boari's Antique Armour Boutique.
  5516 | D        | Got a serpentine rune of Zot
  5529 | D        | Bought a potion of heal wounds for 55 gold pieces
  5647 | D        | Found Palinah's Book Boutique.
  5661 | D        | Received a gift from Sif Muna
  5681 | D        | Received a gift from Sif Muna
  5685 | D        | Killed from afar by an orc priest

Illustrated notes

Levels and vault maps discovered:
D:        dungeon_sprint_mu [sprint_mu_entry_cave, sprint_mu_temple_rooms,
          sprint_mu_d1_spiders, sprint_mu_d2_genie, sprint_mu_d3_branching,
          sprint_mu_orc_legion, sprint_mu_elf_gauntlet, sprint_mu_hive_nellie,
          sprint_mu_lair_fedhas, sprint_mu_vaults_butterflies,
          sprint_mu_slime_circle, sprint_mu_shoals_kraken,
          sprint_mu_snake_twists, sprint_mu_blade_basic,
          sprint_mu_crypt_chambers, sprint_mu_tomb_spiral,
          sprint_mu_vestibule_basic, sprint_mu_gehenna_hellfire,
          sprint_mu_dis_giant, sprint_mu_tartarus_statrot,
          sprint_mu_cocytus_islands, sprint_mu_zot1]

Skill      XL: |  1  2  3  4  5  6  7  8  9 10 11 12 |
---------------+-------------------------------------+-----
Dodging        | 3 4 6 7 9 11 12 13 | 13.2
Stealth        | 1 2 4 9 13 | 13.5
Unarmed Combat | 6 7 10 11 14 16 18 | 18.7
Spellcasting   | 3 4 6 7 |  7.3
Transmutations | 3 4 5 8 |  8.6
Ice Magic      | 1 2 4 |  4.1
Fighting       | 4 5 6 8 10 12 | 12.5
Conjurations   | 3 4 5 |  5.3
Earth Magic    | 3 4 5 6 |  6.7

Action                   |  1- 3 |  4- 6 |  7- 9 | 10-12 || total
-------------------------+-------+-------+-------+-------++-------
Melee: Unarmed           |     9 |    25 |    86 |   232 ||   352
       Constrict         |     2 |     2 |     1 |    10 ||    15
       Tentacles         |     1 |     1 |     1 |    10 ||    13
       Punch             |       |       |       |    10 ||    10
 Cast: Beastly Appendage |     2 |       |       |       ||     2
       Ice Form          |       |     2 |    11 |    20 ||    33
       Spider Form       |       |     3 |       |     1 ||     4
       Blade Hands       |       |       |       |     3 ||     3
       Wereblood         |       |       |       |     1 ||     1
 Abil: End Transformatio |       |       |       |     1 ||     1
  Use: Potion            |     3 |       |     2 |     2 ||     7
       Scroll            |       |     1 |       |     1 ||     2
 Stab: Sleeping          |     1 |       |     1 |     5 ||     7
       Distracted        |       |       |       |     3 ||     3
Armor: Skin              |     1 |     3 |    15 |    42 ||    61
Dodge: Dodged            |     5 |    14 |    60 |   146 ||   225

Table legend: (Time is in decaauts)
 A = Elapsed time spent in this place.
 B = Non-inter-level travel time spent in this place.
 C = Inter-level travel time spent in this place.
 D = Time resting spent in this place.
 E = Time spent auto-exploring this place.
 F = Levels seen in this place.
 G = Mean time per level.
                   A        B        C        D        E       F      G
               +--------+--------+--------+--------+--------+-----+--------+
         Total |   5596 |   5469 |    127 |   4302 |     46 |   1 | 5596.0 |
       Dungeon |   5596 |   5469 |    127 |   4302 |     46 |   1 | 5596.0 |
               +--------+--------+--------+--------+--------+-----+--------+

Top non-repeatable levels by time:
       D: 5596 daAuts
